AoeStats
← TheBlo0dy

Hideout

509941320Analyzed
1v1 RM · 2d ago on Sep 28, 2026· 37m 52s· 2 players
Game mode
Random Map
Map size
Tiny (2 player)
Population
200
Speed
Normal
Resources
Standard
Victory
Conquest
Starting age
Dark Age
Ending age
Imperial Age
RankedLock teamsTeams togetherTeam positionsShared explorationLock speedFull tech treeHidden civsTurbo modeCheats
Victory
Defeat
🇨🇭 Portuguese · Switzerland
755
+18
🇫🇷 Khmer · France
793
-18
manuel.sourlier
5:28 Loom
25:24 Feudal Age
26:37 Fletching
29:52 Castle Age
34:36 Bodkin Arrow
TheBlo0dy
11:08 Feudal Age
11:28 Loom
12:54 Arson
22:20 Gold Mining
24:57 Fletching
28:30 Town Watch
29:08 Horse Collar
30:00 Padded Archer Armor
33:38 Wheelbarrow
37:37 Castle Age
Connection lost

Rejoining the realm…

Still unreachable

The connection could not be restored.

Session expired

The server has moved on; the page needs a fresh start.